 Dungeon Crawl Stone Soup version 0.23-a0-139-ga22e90c45f (webtiles) character file.

392 Rrauwl the Shield-Bearer (level 7, -1/84 HPs)
             Began as a Formicid Fighter on Aug 30, 2018.
             Slain by Duvessa
             ... wielding a +2 rapier of electrocution
              (3 damage)
             ... on level 4 of the Dungeon.
             The game lasted 00:07:34 (2783 turns).

Rrauwl the Shield-Bearer (Formicid Fighter)         Turns: 2783, Time: 00:07:34

Health: -1/84      AC: 23    Str: 23    XL:     7   Next: 8%
Magic:  7/7        EV:  2    Int:  7    God:
Gold:   128        SH: 10    Dex: 15    Spells: 6/6 levels left

rFire    . . .     SeeInvis .   a - +0 long sword
rCold    . . .     Gourm    .   r - +0 shield
rNeg     + + +     Faith    .   (armour currently unavailable)
rPois    +         Spirit   .   (helmet unavailable)
rElec    .         Reflect  .   (cloak currently unavailable)
rCorr    .         Harm     .   (gloves currently unavailable)
MR       .....                  (boots currently unavailable)
Stlth    +.........             (no amulet)
HPRegen  0.24/turn              g - +5 ring of dexterity
MPRegen  0.10/turn              (no ring)

@: tree-form
A: permanent stasis, dig shafts and tunnels, four strong arms
a: no special abilities


You were on level 4 of the Dungeon.
You were hungry.
You were a tree.
You visited 1 branch of the dungeon, and saw 6 of its levels.

You collected 128 gold pieces.

Inventory:

Hand Weapons
 a - a +0 long sword (weapon)
 c - a +1 dagger of venom
Missiles
 p - 15 arrows
Armour
 q - a +0 pair of gloves (melded)
 r - a +0 shield (worn)
 u - a +1 ring mail of fire resistance (melded)
 v - a +0 cloak
Jewellery
 g - a +5 ring of dexterity (left branch)
Wands
 t - a wand of random effects (15)
Scrolls
 b - a scroll of blinking {unknown}
 e - 3 scrolls of identify {unknown}
 h - a scroll of amnesia {unknown}
 i - a scroll of teleportation {unknown}
 j - 2 scrolls of random uselessness {unknown}
 k - a scroll of fear {unknown}
 n - a scroll of fog {unknown}
 o - a scroll of immolation {unknown}
Potions
 d - a potion of flight
Comestibles
 f - 6 rations
 m - 6 chunks of flesh


   Skills:
 - Level 5.0 Fighting
 + Level 3.8 Long Blades
 - Level 4.0 Armour
 - Level 2.1 Dodging
 + Level 5.3 Shields


You had 6 spell levels left.
You didn't know any spells.
Your spell library was empty.

Dungeon Overview and Level Annotations

Branches:
Dungeon (6/15)
 Temple: D:4-7

Altars:
Cheibriados
Elyvilon
Hepliaklqana
Ru
Vehumet

Annotations:
D:4 Dowan, Duvessa


Innate Abilities, Weirdness & Mutations

You cannot be hasted, slowed, berserked, paralysed or teleported.
You can dig through walls and to a lower floor.
Your four strong arms can wield two-handed weapons with a shield.
((You have a pair of large antennae on your head. (SInv)))


Message History

Your +1 ring mail of fire resistance melds into your body.
You feel less resistant to fire.
Your roots penetrate the ground.
You block the quokka's attack.
Duvessa says, "My weaknesses are his strengths!"
You block Duvessa's attack.
You barely miss Duvessa.
Duvessa is severely wounded.
The quokka bites you but does no damage.
Duvessa hits you but does no damage.
You are electrocuted!
* * * LOW HITPOINT WARNING * * *
Dowan, Brother of Duvessa comes into view.
He is wielding a dagger.
You block the quokka's attack.
Okay, then.
Evoke which item? (* to show all) (? for menu, Esc to quit)
Aiming: Random Effects
Press: ? - help, Shift-Dir - straight line, f - Duvessa
Aim: Duvessa, wielding a rapier of electrocution and wearing a glowing chain Duvessa seems to speed up.
Duvessa hits you with a rapier of electrocution.
You die...

#### #... #... #...
{ # #<.. #.##..
#######e## #.%...
#.♣e...............
#r#####.#########.#
#l{...... #.#
#g....... #.#
##....... #.#
....... ... .......
.. ....[.. .......


You could see Duvessa, Dowan, a gnoll, a leopard gecko and a quokka.

Vanquished Creatures
  Edmund (D:4)
  A scorpion (D:4)
  An orc priest (D:5)
  2 orc wizards
  2 gnolls
  5 adders
  An ooze (D:3)
  2 dart slugs
  A leopard gecko (D:1)
  4 orcs
  3 ball pythons
  10 bats
  3 giant cockroaches
  9 goblins
  8 hobgoblins
  A jackal (D:2)
  2 quokkas (D:2)
  2 frilled lizards
  4 kobolds
  6 rats
68 creatures vanquished.

Notes
Turn   | Place    | Note
-------+----------+-------------------------------------------
     0 | D:1      | Rrauwl the Formicid Fighter began the quest for the Orb.
     0 | D:1      | Reached XP level 1. HP: 18/18 MP: 1/1
    45 | D:1      | Reached XP level 2. HP: 13/24 MP: 2/2
   387 | D:1      | Reached XP level 3. HP: 25/30 MP: 3/3
  1034 | D:2      | Reached XP level 4. HP: 37/37 MP: 4/4
  1105 | D:2      | Found a snail-covered altar of Cheibriados.
  1138 | D:2      | Found a hazy altar of Hepliaklqana.
  1141 | D:2      | Found a white marble altar of Elyvilon.
  1299 | D:2      | Found a sacrificial altar of Ru.
  1472 | D:2      | Reached skill level 1 in Dodging
  1472 | D:2      | Reached XP level 5. HP: 39/43 MP: 5/5
  1948 | D:3      | Found a radiant altar of Vehumet.
  2537 | D:4      | Noticed Edmund
  2547 | D:4      | Killed Edmund
  2547 | D:4      | Reached XP level 6. HP: 50/50 MP: 6/6
  2556 | D:4      | Reached skill level 5 in Fighting
  2652 | D:4      | You fall through a shaft for 2 floors!
  2660 | D:5      | Entered Level 5 of the Dungeon
  2685 | D:5      | Reached skill level 5 in Shields
  2703 | D:5      | Reached XP level 7. HP: 27/56 MP: 7/7
  2764 | D:4      | Noticed Duvessa
  2782 | D:4      | HP: 2/84 [Duvessa/rapier of electrocution (17)]
  2782 | D:4      | Noticed Dowan
  2783 | D:4      | Slain by Duvessa

Vault maps used:
D:1:      dpeg_arrival_radiant
D:2:      nicolae_overflow_hidden_temple, nicolae_ru_great_annihilating_truth
D:3:      lemuel_doored_altar, first_ration, serial_bayou, serial_bayou_pond_e,
          serial_bayou_pond_d, serial_bayou_pond_c, serial_bayou_pond_e
D:4:      uniq_menkaure, uniq_duvessa, uniq_edmund
D:5:      kennysheep_mini, minmay_temple_entry_trees, uniq_eustachio
D:6:      grunt_gozag_breadcrumbs, basic_altar, trog_eyes_of_draining,
          uniq_blork_the_orc

Skill      XL: |  1  2  3  4  5  6 |
---------------+-------------------+-----
Fighting       | 4 5 |  5.0
Shields        | 4 5 |  5.3
Dodging        | 1 2 |  2.1
Armour         | 4 |  4.0
Long Blades    | 3 |  3.8

Action                   |  1- 3 |  4- 6 |  7- 9 || total
-------------------------+-------+-------+-------++-------
Melee: Long sword        |    96 |   141 |    22 ||   259
Evoke: Wand              |       |       |     1 ||     1
  Use: Potion            |       |     1 |     4 ||     5
 Stab: Paralysed         |       |     1 |       ||     1
  Eat: Chunk             |     1 |     5 |       ||     6
Armor: Scale mail        |    38 |    41 |       ||    79
       Ring mail         |       |    14 |    11 ||    25
       Skin              |       |       |    19 ||    19
Dodge: Dodged            |    42 |    39 |    20 ||   101
Block: Shield            |    57 |    86 |    34 ||   177
       Rpst.: Long sword |     9 |     7 |     4 ||    20

Table legend:
 A = Non-vault XP
 B = Vault XP
 C = Vault XP percentage of total XP
 D = Non-vault monster count
 E = Vault monster count
 F = Vault count percentage of total count
                 A         B        C        D         E       F
            +---------+---------+-------+---------+---------+-------
      Total |     344 |     217 |  38.7 |      63 |       5 |   7.4
            +---------+---------+-------+---------+---------+-------
        D:1 |      51 |       0 |   0.0 |      20 |       0 |   0.0
        D:2 |      47 |      46 |  49.5 |      17 |       4 |  19.0
        D:3 |      37 |       0 |   0.0 |      16 |       0 |   0.0
        D:4 |     115 |     171 |  59.8 |       6 |       1 |  14.3
        D:5 |      94 |       0 |   0.0 |       4 |       0 |   0.0
            +---------+---------+-------+---------+---------+-------
